 Dungeon Crawl Stone Soup version 0.28.0-53-g5a82cb258f (webtiles) character file.

Game seed: 7521666481266155459

21 Ashen the Sneak (level 2, -1/14 HPs)
             Began as a Vine Stalker Enchanter on June 28, 2022.
             Frozen to death by an endoplasm (4 damage)
             ... on level 1 of the Dungeon.
             The game lasted 00:01:42 (659 turns).

Ashen the Sneak (Vine Stalker Enchanter)             Turns: 659, Time: 00:01:43

Health: -1/14      AC:  2    Str: 10    XL:     2   Next: 83%
Magic:  0/6        EV: 12    Int: 15    God:
Gold:   15         SH:  0    Dex: 14    Spells: 3/5 levels left

rFire   . . .      SeeInvis .   a - +1 dagger
rCold   . . .      Faith    .   (no shield)
rNeg    . . .      Spirit   +   b - +0 robe
rPois   .          Reflect  .   (no helmet)
rElec   .          Harm     .   (no cloak)
rCorr   .          Rampage  .   (no gloves)
Will    .....                   (no boots)
Stlth   ++........              (no amulet)
HPRegen 0.04/turn               (no ring)
MPRegen 0.10/turn               (no ring)

@: no status effects
A: fangs 2, magic shield, antimagic bite, no potion heal 2
a: no special abilities


You were on level 1 of the Dungeon.
You visited 1 branch of the dungeon, and saw 1 of its levels.

You collected 15 gold pieces.

Inventory:

Hand Weapons
 a - a +1 dagger (weapon)
Armour
 b - a +0 robe (worn)
Scrolls
 e - a scroll of teleportation {unknown}
Potions
 c - a potion of invisibility
 d - a potion of resistance {unknown}


   Skills:
 + Level 0.6 Fighting
 + Level 1.2 Short Blades
 + Level 1.7 Dodging
 + Level 3.9 Stealth
 + Level 2.4 Spellcasting
 + Level 3.1 Hexes


You had 3 spell levels left.
You knew the following spells:

 Your Spells              Type           Power      Damage    Failure   Level
a - Ensorcelled Hibernat  Hex/Ice        12%        N/A       17%         2

Your spell library contained the following spells:

 Spells                   Type           Power      Damage    Failure   Level
 Confusing Touch          Hex            11%        N/A       17%         3
 Tukima's Dance           Hex            11%        N/A       17%         3
 Animate Skeleton         Necr           2%         N/A       22%         1
 Dazzling Flash           Conj/Hex       12%        N/A       32%         3
 Conjure Flame            Conj/Fire      1%         6-21      54%         3
 Frozen Ramparts          Ice            2%         1d2       54%         3
 Gell's Gravitas          Tloc           1%         N/A       54%         3
 Ignite Poison            Fire/Tmut/Pois 1%         N/A       54%         3
 Teleport Other           Tloc           1%         N/A       54%         3
 Sticky Flame             Conj/Fire      1%         2d3       91%         4
 Dispersal                Tloc           0%         N/A       100%        6
 Haunt                    Necr/Summ      0%         N/A       100%        7


Dungeon Overview and Level Annotations

Branches:
Dungeon (1/15)

Altars:


Innate Abilities, Weirdness & Mutations

You have extremely sharp teeth.
When hurt, damage is shared between your health and your magic reserves.
Your bite disrupts and absorbs the magic of your enemies.
Potions cannot restore your health.


Message History

No target in view!
Found a stone staircase leading down.
An endoplasm comes into view.
An endoplasm is nearby!
The helpless endoplasm fails to defend itself.
You puncture the endoplasm!
You kill the endoplasm!
Found a dagger.
There is a stone staircase leading down here.
An endoplasm comes into view.
There is a stone staircase leading down here.
A rat comes into view.
The endoplasm quivers.
The endoplasm freezes you.
You are frozen.
You hit the endoplasm.
The endoplasm is moderately wounded.
The endoplasm hits you.
You hit the endoplasm.
The endoplasm is heavily wounded.
The endoplasm freezes you.
You are frozen.
You hit the endoplasm.
The endoplasm is severely wounded.
The endoplasm freezes you.
You are frozen.
You are too injured to fight recklessly!
You completely miss the endoplasm.
The endoplasm is severely wounded.
The endoplasm freezes you.
You are frozen.
* * * LOW HITPOINT WARNING * * *
The rat twitches its whiskers.
The endoplasm freezes you.
You are frozen.
* * * LOW HITPOINT WARNING * * *
The rat twitches its whiskers.
The endoplasm freezes you.
You are frozen.
You die...

##.#..#.. ###.........#
........ ..........$)#
.....#.. ###.........#
........ #......>..#
.......# #.........#
#......# #####...###
##.....##########.....##
8##..............Jr....#
..##...###..####@.>....#
..8#...# ##............#
...+..## ######......##
..8#.## ##.....## ..##.#
#.......# 8##..#
#.......#### ##..##
#..........# #..##
##.......#.# ..##
##........#


You could see an endoplasm and a rat.

Vanquished Creatures
  2 dart slugs (D:1)
  A ball python (D:1)
  4 endoplasms (D:1)
  2 giant cockroaches (D:1)
  A hobgoblin (D:1)
  2 jackals (D:1)
  A kobold (D:1)
13 creatures vanquished.

Notes
Turn   | Place    | Note
-------+----------+-------------------------------------------
     0 | D:1      | Ashen the Vine Stalker Enchanter began the quest for the
                  | Orb.
     0 | D:1      | Reached XP level 1. HP: 9/9 MP: 4/4
    47 | D:1      | Reached skill level 1 in Short Blades
    53 | D:1      | Reached XP level 2. HP: 10/13 MP: 4/6
    56 | D:1      | Learned a level 2 spell: Ensorcelled Hibernation
   191 | D:1      | Got the Volume of Dark Magic and Cold
   659 | D:1      | Frozen to death by an endoplasm

Illustrated notes

Levels and vault maps discovered:
D:1:      minmay_arrival_split_and_join, layout_rooms, moated_statue,
          dk_noncrumbling_4, glass_columns_a, hangedman_decor_push

Skill      XL: |  1 |
---------------+----+-----
Short Blades   | 1 |  1.2
Fighting       | |  0.6
Dodging        | |  1.7
Stealth        | |  3.9
Spellcasting   | |  2.4
Hexes          | |  3.1

Action                   || total
-------------------------++-------
Melee: Dagger            ||    50
       Bite              ||    13
 Cast: Ensorcelled Hiber ||     4
 Stab: Sleeping          ||     5
Armor: Robe              ||     3
Dodge: Dodged            ||    24
